 Dungeon Crawl Stone Soup version 0.31-a0-986-g5e6e4ef867 (webtiles) character file.

Game seed: 1819031484653849833

630 Jeffwins the Ruffian (level 7, 57/57 HPs)
             Began as a Green Draconian Shapeshifter on Nov 22, 2023.
             Quit the game on level 5 of the Dungeon.
             The game lasted 00:10:01 (4697 turns).

Jeffwins the Ruffian (Green Draconian Shapeshifter) Turns: 4697, Time: 00:10:01

Health: 57/57      AC:  6    Str: 16    XL:     7   Next: 24%
Magic:  7/7        EV: 12    Int: 13    God:
Gold:   114        SH:  0    Dex: 10    Spells: 6/6 levels left

rFire   . .          .
                       - Unarmed
rCold   . . .        (no shield)
rNeg    . . .        (body armour unavailable)
rPois   +            (helmet currently unavailable)
rElec   .            (cloak currently unavailable)
rCorr   .            (gloves currently unavailable)
SInv    .            (boots currently unavailable)
Will    .....        (no amulet)
Stlth   ++           (no ring)
HPRegen 0.29/turn    (no ring)
MPRegen 0.10/turn

%: no passive effects
@: beast-form
A: beast (slay +2), breathe noxious fumes, AC +6, unfitting armour, poison
resistance, cold-blooded
a: Breathe Noxious Fumes, Begin Untransformation


You were on level 5 of the Dungeon.
You were a hulking beast.
You visited 1 branch of the dungeon, and saw 5 of its levels.
You also visited: Sewer.

You collected 114 gold pieces.


Innate Abilities, Weirdness & Mutations

You are a hulking beast.
Your limbs bulge with bestial killing power. (Slay +2)
You can breathe blasts of noxious fumes.
Your lurid green scales are hard. (AC +6)
You cannot fit into any form of body armour.
Your system is resistant to poisons. (rPois)
You are cold-blooded and may be slowed by cold attacks.


   Skills:
 + Level 3.2 Fighting
 + Level 3.0 Dodging
 + Level 2.4 Stealth
 * Level 5.0 Unarmed Combat
 + Level 1.6 Evocations
 * Level 4.7 Shapeshifting


You had 6 spell levels left.
You didn't know any spells.
Your spell library contained the following spells:

 Spells                   Type           Power      Damage    Failure   Level
 Static Discharge         Conj/Air       0%         3-3/arc   43%         2
 Airstrike                Air            0%         2d(0-16)  97%         4
 Summon Lightning Spire   Summ/Air       0%         N/A       97%         4

Inventory:

Hand Weapons
 e - a +1 rapier of electrocution
Missiles
 l - a throwing net {=f}
Armour
 s - an orb of light
Magical Staves
 h - a staff of earth
Jewellery
 C - a ring of ice
Talismans
 b - a beast talisman
 c - a flux talisman
Wands
 o - a wand of mindburst (8)
Scrolls
 a - a scroll of noise {unknown}
 d - a scroll of enchant armour {unknown}
 j - 2 scrolls of fear {unknown}
 m - a scroll of blinking {unknown}
 n - 2 scrolls of revelation {unknown}
 p - 2 scrolls of identify {unknown}
 t - 2 scrolls of acquirement {unknown}
 u - a scroll of vulnerability {unknown}
Potions
 f - a potion of degeneration {unknown}
 g - 2 potions of haste {unknown}
 i - a potion of curing {unknown}
 k - 3 potions of might {unknown}
 q - a potion of heal wounds {unknown}
 r - a potion of brilliance {unknown}
 v - 2 potions of magic {unknown}
 w - a potion of attraction {unknown}

Dungeon Overview and Level Annotations

Branches:
Dungeon (5/15)              Sewer (visited)
 Temple: D:4-7

Altars:
Elyvilon
Fedhas
Makhleb
Xom

.....###......#####...#######
.(... #<........[....###
#.###
##.....#####.#...######### #.
#.....# #.##[.#~.~..~~~ #
#.#.### #.###..########
#.>#.# #.# ####~~~~~##
#...#.#######.# #~#####~# ..
....[....#.# #~##~.#~#
+########h.#.# #.#÷###~#
#........#.#.# #.##.~~~#
.+░░░░'.#.#.# #~#######
░....░.#...# ##~~~~..~
░.▓▓.░.#.#.# ########
░.▓▓.░.#.#.# ░....░.#.#.#
.+░░░░'.#...# #........#..##


There were no monsters in sight!


Message History

You enter the shallow water.
Moving in this stuff is going to be slow.
You see here a quokka skeleton.
You enter the shallow water.
Moving in this stuff is going to be slow.
You enter the shallow water.
Moving in this stuff is going to be slow.
You enter the shallow water.
Moving in this stuff is going to be slow.
You enter the shallow water.
Moving in this stuff is going to be slow.
You enter the shallow water.
Moving in this stuff is going to be slow.
Found a book of Storms.
You pick up a book of Storms and begin reading...
You add the spells Static Discharge, Airstrike and Summon Lightning Spire to your library.
Found a club.
You open the door.
There is an open door here.
You open the door.
There is an open door here.
You open the door.
There is an open door here.
You open the door.
Found a ring mail.
There is an open door here.
Okay, then.
Unknown command.
Unknown command.
Are you sure you want to abandon this character and quit the game? (Confirm with "yes".)

Skill      XL: |  1  2  3  4  5  6  7 |
---------------+----------------------+-----
Dodging        | 2 3 |  3.0
Stealth        | 1 2 |  2.4
Fighting       | 2 3 |  3.2
Unarmed Combat | 4 5 |  5.0
Shapeshifting  | 4 |  4.7
Evocations     | 1 |  1.6

Action                     |  1- 3 |  4- 6 |  7- 9 || total
---------------------------+-------+-------+-------++-------
  Melee: Unarmed           |    66 |   253 |     9 ||   328
         Tailslap          |    12 |    30 |       ||    42
         Punch             |     3 |     6 |       ||     9
  Evoke: Wand              |       |     3 |       ||     3
    Use: Potion            |       |     1 |       ||     1
   Stab: Sleeping          |     1 |     5 |       ||     6
         Distracted        |       |     1 |       ||     1
 Armour: Skin              |    34 |   171 |     7 ||   212
  Dodge: Dodged            |    28 |   186 |     7 ||   221

Levels and vault maps discovered:
D:1:      dpeg_arrival_leaves_temple_mockup, layout_basic
D:2:      layout_loops_cross
D:3:      layout_basic, mainiacjoe_overflow_six_doors_small,
          hellmonk_ecumenical_altar_crossroads
D:4:      layout_rooms, mainiacjoe_overflow_alcove_4, elyvilon_altar_1
D:5:      layout_loops_ring, mainiacjoe_overflow_small_starburst, trog_wizard,
          nicolae_ashenzari_skybound, nicolae_overflow_crystal_walls,
          minmay_temple_entry_ruins, gup_sewer_entry_spiral, minivault_11

Notes
Turn   | Place    | Note
-------+----------+-------------------------------------------
     0 | D:1      | Jeffwins the Draconian Shapeshifter began the quest for the
                  | Orb.
     0 | D:1      | Reached XP level 1. HP: 16/16 MP: 1/1
   244 | D:1      | Reached XP level 2. HP: 21/23 MP: 2/2
   554 | D:1      | Reached skill level 2 in Dodging
  1212 | D:2      | Reached XP level 3. HP: 25/28 MP: 3/3
  1235 | D:2      | Reached skill level 1 in Stealth
  1397 | D:2      | Reached XP level 4. HP: 22/36 MP: 4/4
  1916 | D:3      | Found a faded altar of an unknown god.
  2000 | D:3      | Found a burning altar of Makhleb.
  2257 | D:3      | Reached skill level 2 in Fighting
  3358 | D:4      | Found a white marble altar of Elyvilon.
  3409 | D:4      | Found a shimmering altar of Xom.
  3460 | D:4      | Reached skill level 4 in Unarmed Combat
  3460 | D:4      | Reached XP level 5. HP: 31/41 MP: 5/5
  3591 | D:4      | Reached skill level 4 in Shapeshifting
  3793 | D:5      | Entered Level 5 of the Dungeon
  3793 | D:5      | Noticed a phantom
  3870 | D:5      | Reached XP level 6. HP: 31/50 MP: 6/6
  3925 | D:5      | Found a blossoming altar of Fedhas.
  3939 | D:5      | Reached skill level 2 in Stealth
  3939 | D:5      | Reached skill level 1 in Evocations
  4078 | D:5      | Found a glowing drain.
  4082 | Sewer    | Entered a sewer
  4358 | Sewer    | Reached skill level 3 in Fighting
  4457 | Sewer    | Reached skill level 3 in Dodging
  4457 | Sewer    | Your scales start taking on a lurid green colour.
  4457 | Sewer    | Reached XP level 7. HP: 24/57 MP: 7/7
  4457 | Sewer    | Gained mutation: Your system is resistant to poisons.
                  | (rPois) [Green Draconian growth]
  4459 | Sewer    | Reached skill level 5 in Unarmed Combat
  4697 | D:5      | Quit the game

Vanquished Creatures
  An ogre (D:5)
  2 bullfrogs (Sewer)
  A scorpion (D:5)
  A howler monkey (D:4)
  A hound (D:5)
  7 gnolls
  4 adders
  7 river rats (Sewer)
  2 ufetubi (D:5)
  2 worms (D:5)
  8 orcs
  13 ball pythons
  10 endoplasms
  5 giant cockroaches
  6 goblins
  3 hobgoblins
  5 quokkas
  4 bats
  3 frilled lizards (Sewer)
  9 kobolds
  26 rats
120 creatures vanquished.

Table legend: (Time is in decaauts)
 A = Elapsed time spent in this place.
 B = Non-inter-level travel time spent in this place.
 C = Inter-level travel time spent in this place.
 D = Time resting spent in this place.
 E = Time spent auto-exploring this place.
 F = Levels seen in this place.
 G = Mean time per level.
                   A        B        C        D        E       F      G
               +--------+--------+--------+--------+--------+-----+--------+
         Total |   4767 |   4596 |    171 |    230 |   3516 |   6 |  794.5 |
       Dungeon |   4194 |   4023 |    171 |    230 |   3138 |   5 |  838.8 |
         Sewer |    573 |    573 |      0 |      0 |    378 |   1 |  573.0 |
               +--------+--------+--------+--------+--------+-----+--------+

Top non-repeatable levels by time:
     D:3: 1304 daAuts
     D:1: 1001 daAuts
     D:2: 812 daAuts
     D:4: 707 daAuts
   Sewer: 573 daAuts
     D:5: 368 daAuts

Table legend:
 A = Non-vault XP
 B = Vault XP
 C = Vault XP percentage of total XP
 D = Non-vault monster count
 E = Vault monster count
 F = Vault count percentage of total count
                 A         B        C        D         E       F
            +---------+---------+-------+---------+---------+-------
      Total |     525 |     376 |  41.7 |      69 |      51 |  42.5
            +---------+---------+-------+---------+---------+-------
        D:1 |      25 |       0 |   0.0 |      14 |       0 |   0.0
        D:2 |      97 |       0 |   0.0 |      23 |       0 |   0.0
        D:3 |      32 |       0 |   0.0 |      13 |       0 |   0.0
        D:4 |     116 |       0 |   0.0 |      14 |       0 |   0.0
        D:5 |     255 |      19 |   6.9 |       5 |       7 |  58.3
      Sewer |       0 |     357 | 100.0 |       0 |      44 | 100.0
            +---------+---------+-------+---------+---------+-------
